Map: Lightshade LE

Players

A.I. 1 (Medium) - Winner!

  • Race: Protoss Protoss

ViBE

  • Race: Terran Terran
  • League: Master

VOD

Have the link to the VOD?

Description

Time

  • Played on: April 23, 2021, 4:42 p.m.
  • Length: 24:25
Show
View Real Time Build Order
Export as new Build Order

A.I. 1 (Medium) Protoss - Winner!

Build Orders:  

Get SALT Encoding   

  12  0:00  Probe  
  13  0:13  Probe  
  14  0:19  Pylon  
  14  0:25  Probe  
  15  0:33  Probe  
  15  0:41  Probe  
  16  0:47  Assimilator  
  17  0:51  Gateway, Probe  
  18  1:00  Pylon  
  18  1:28  Gateway  
  18  1:34  Assimilator  
  18  1:41  Cybernetics Core  
  18  1:44  Zealot  
  20  2:01  Pylon  
  20  2:07  Warp Gate  
  20  2:17  Adept  
  22  2:33  Zealot  
  24  2:49  Adept  
  26  2:57  Pylon  
  26  3:06  Adept  
  28  3:14  Probe  
  29  3:22  Stalker  
  29  3:26  Probe  
  32  3:32  Pylon  
  32  3:38  Probe  
  32  3:39  Adept  
  35  3:50  Forge  
  35  3:51  Probe  
  36  4:00  Adept  
  38  4:03  Probe  
  39  4:15  Probe  
  39  4:17  Adept  
  42  4:33  Adept  
  44  6:23  Stalker  
  44  6:24  Probe  
  44  6:25  Photon Cannon  
  47  6:26  Photon Cannon  
  47  6:29  Robotics Facility  
  47  6:32  Nexus, Stargate  
  47  6:35  Twilight Council  
  47  6:37  Gateway  
  47  6:38  Sentry  
  49  6:41  Forge  
  49  6:45  Pylon  
  49  6:52  Stalker  
  49  7:06  Stalker, Pylon  
  35  7:13  Observer  
  33  7:21  Stalker  
  36  7:29  Observer  
  36  7:35  Stalker  
  39  7:43  Probe  
  39  7:48  Probe  
  39  7:49  Sentry  
  39  7:51  Probe  
  43  7:54  Assimilator  
  43  7:56  Pylon  
  44  7:58  Pylon  
  44  8:00  Probe x2, Assimilator  
  44  8:04  Zealot  
  48  8:12  Probe x2  
  49  8:18  Zealot  
  49  8:19  Photon Cannon  
  52  8:20  Photon Cannon  
  52  8:21  Probe  
  52  8:25  Probe  
  54  8:29  Probe  
  54  8:32  Adept  
  57  8:37  Probe x2  
  58  8:46  Probe  
  58  8:47  Adept  
  61  8:49  Probe  
  61  8:54  Probe  
  63  9:01  Probe  
  65  9:05  Probe  
  66  9:13  Probe  
  67  9:17  Probe  
  68  9:25  Probe  
  68  9:26  Probe  
  70  9:37  Probe  
  71  10:51  Protoss Ground Armor Level 1  
  71  11:01  Protoss Ground Weapons Level 1  
  71  11:05  Warp Prism  
  71  11:11  Stalker  
  75  11:12  Gateway  
  75  11:16  Robotics Facility  
  75  11:20  Stalker  
  75  11:21  Templar Archives  
  75  11:24  Robotics Bay, Nexus  
  77  11:26  Dark Shrine  
  77  11:29  Fleet Beacon  
  77  11:30  Stalker  
  57  11:34  Stargate  
  57  11:37  Observer  
  57  11:39  Stalker  
  60  11:47  Warp Prism  
  60  11:48  Stalker  
  62  11:58  Stalker  
  66  12:07  Zealot  
  68  12:12  Gravitic Boosters  
  68  12:16  Stalker  
  70  12:26  Sentry  
  72  12:35  Stalker  
  74  12:37  Probe  
  74  12:40  Probe  
  74  12:43  Probe, Assimilator  
  77  12:44  Stalker, Pylon  
  77  12:45  Pylon  
  77  12:48  Assimilator  
  77  12:50  Probe  
  80  12:51  Probe  
  80  12:54  Immortal  
  80  12:55  Probe  
  86  13:01  Gravitic Drive  
  86  13:02  Probe  
  86  13:05  Photon Cannon  
  87  13:08  Photon Cannon  
  87  14:50  Protoss Ground Weapons Level 2  
  87  14:51  Protoss Ground Armor Level 2  
  87  14:57  Blink  
  87  15:00  Immortal  
  87  15:10  Zealot  
  89  15:16  Sentry  
  91  15:22  Adept  
  91  15:25  Tempest  
  91  15:26  Protoss Air Weapons Level 1  
  91  15:27  Colossus  
  98  15:39  Stalker  
  100  15:45  Stalker  
  82  15:51  Stalker  
  82  15:56  Zealot  
  86  16:02  Stalker  
  88  16:08  Sentry  
  90  16:13  Stalker  
  92  16:19  Stalker  
  92  16:20  Nexus  
  92  16:25  Stalker  
  96  16:31  Stalker  
  98  17:01  Void Ray  
  95  17:10  Zealot  
  95  17:14  Nexus  
  93  17:19  Photon Cannon  
  97  17:24  Protoss Shields Level 1, Protoss Air Armor Level 1  
  97  17:29  Void Ray  
  93  17:32  Probe, Zealot  
  93  17:35  Probe  
  89  17:44  Probe  
  89  17:46  Pylon  
  89  17:47  Probe, Immortal  
  94  17:58  Nexus  
  94  18:04  Probe x2  
  94  18:07  Nexus  
  94  18:09  Void Ray  
  94  18:13  Stalker  
  94  18:17  Probe  
  90  18:24  Pylon  
  77  18:31  Probe  
  77  18:34  Zealot  
  59  18:41  Stalker  
  21  18:43  Probe  
  17  18:54  Stalker  
  18  18:55  Probe  
  18  18:57  Gateway  
  19  19:04  Stalker  
  19  19:08  Probe  
  21  19:17  Zealot  
  21  19:20  Probe  
  24  19:28  Sentry  
  26  19:32  Probe  
  26  19:34  Nexus  
  26  19:37  Sentry  
  29  19:43  Nexus  
  29  19:44  Probe  
  29  19:45  Nexus  
  30  19:51  Photon Cannon, Stalker  
  32  19:54  Assimilator  
  32  19:56  Probe  
  32  19:57  Sentry  
  35  20:02  Zealot  
  37  20:08  Probe  
  37  20:11  Sentry  
  40  20:20  Stalker, Probe  
  43  20:25  Sentry  
  45  20:31  Sentry  
  45  20:32  Probe  
  48  20:43  Stalker  
  48  20:44  Probe  
  48  20:48  Stalker  
  53  20:52  Probe  
  53  20:54  Zealot  
  56  20:57  Probe  
  56  21:00  Zealot  
  59  21:06  Probe  
  60  21:14  Probe  
  60  21:17  Probe  
  62  21:20  Probe  
  62  21:24  Probe  
  64  21:27  Probe  
  64  21:31  Probe  
  66  21:34  Probe  
  66  21:38  Void Ray, Probe  
  68  21:40  Probe  
  69  21:47  Stalker  
  69  21:49  Probe  
  69  21:52  Probe  
  76  21:57  Probe  
  76  21:58  Probe  
  78  22:03  Probe  
  78  22:04  Probe  
  81  22:10  Probe  
  81  22:13  Probe  
  81  22:14  Probe  
  83  22:18  Probe  
  83  22:22  Probe  
  86  22:26  Probe  
  86  22:27  Probe  
  88  22:30  High Templar  
  88  22:34  Probe  
  91  22:38  Immortal  
  95  22:45  High Templar  
  95  22:48  Probe  
  95  22:51  Probe  
  97  22:52  Probe, Immortal  
  97  22:57  Probe x2  
  101  23:01  High Templar, Archon, Probe  
  101  23:02  Pylon  
  67  23:09  Zealot  
  67  23:17  High Templar  
  69  23:23  Probe  
  69  23:24  Probe  
  71  23:29  Stalker, Probe  
  71  23:32  Gateway, Probe  
  75  23:35  Probe  
  75  23:36  Zealot, Twilight Council  
  75  23:39  Probe  
  79  23:42  Probe  
  79  23:43  Stalker  
  79  23:45  Probe  
  83  23:50  Archon  
  83  23:52  Stalker  
  85  23:59  Sentry  
  87  24:06  High Templar  
  89  24:13  High Templar  
  89  24:15  Assimilator  
  89  24:16  Assimilator  
  91  24:17  Assimilator  
  91  24:21  Sentry  
  91  24:23  Assimilator  
  93  24:24  Assimilator  
Show
View Real Time Build Order
Export as new Build Order

ViBE Terran 

Build Orders: Reaper Expand 

Get SALT Encoding   

  12  0:00  SCV  
  13  0:12  SCV  
  14  0:17  Supply Depot  
  14  0:24  SCV  
  15  0:39  SCV  
  15  0:40  Barracks  
  16  0:43  Refinery  
  16  0:51  SCV  
  17  1:03  SCV  
  18  1:15  SCV  
  19  1:27  Orbital Command  
  19  1:28  Reaper  
  20  1:42  Command Center  
  20  1:53  SCV  
  21  2:03  Supply Depot  
  21  2:05  SCV  
  21  2:06  Barracks Reactor  
  22  2:17  SCV  
  23  2:24  Barracks  
  23  2:25  Barracks  
  23  2:31  SCV  
  23  2:33  Engineering Bay  
  24  2:43  SCV  
  25  2:44  Bunker  
  25  2:46  Marine x2  
  27  2:55  SCV, Orbital Command  
  28  3:02  Terran Infantry Weapons Level 1  
  28  3:07  SCV, Marine x2  
  31  3:14  Barracks Tech Lab x2  
  31  3:19  SCV  
  32  3:22  Supply Depot  
  32  3:25  SCV  
  33  3:27  Marine  
  33  3:28  Marine  
  33  3:31  SCV  
  36  3:36  Marauder  
  36  3:38  SCV  
  36  3:39  Marauder  
  41  3:42  Stimpack  
  41  3:43  SCV  
  42  3:50  SCV  
  42  3:53  Supply Depot  
  42  3:54  Marine x2  
  45  3:55  SCV  
  45  4:01  Marauder x2  
  45  4:02  SCV  
  51  4:08  SCV  
  52  4:13  Marine x2, Supply Depot  
  52  4:15  SCV  
  52  4:17  Concussive Shells  
  55  4:20  SCV  
  56  4:25  Refinery  
  56  4:27  SCV  
  56  4:29  Supply Depot  
  58  4:32  SCV, Marauder x2  
  58  4:34  Marine x2  
  64  4:39  SCV  
  64  4:44  SCV  
  66  4:50  Supply Depot  
  66  4:51  SCV  
  67  4:53  Marine x2  
  67  4:54  Marauder x2  
  67  4:56  SCV  
  74  5:03  SCV  
  75  5:08  SCV  
  75  5:12  Supply Depot  
  75  5:13  Supply Depot  
  76  5:15  SCV  
  76  5:20  SCV, Command Center  
  78  5:25  Marauder  
  78  5:26  Marauder  
  78  5:27  Marine x2  
  78  5:28  SCV  
  85  5:31  Refinery  
  85  5:35  Refinery  
  85  5:36  Supply Depot  
  85  5:45  Marine x2  
  85  5:46  Marauder  
  85  5:47  Marauder  
  91  5:50  Factory  
  91  5:53  Terran Infantry Armor Level 1  
  91  6:00  SCV x2  
  91  6:01  Supply Depot  
  93  6:11  Supply Depot  
  93  6:12  SCV x2, Supply Depot  
  93  6:13  Combat Shield  
  93  6:16  Marine x2  
  93  6:17  Marauder x2  
  101  6:24  SCV x2  
  103  6:32  Orbital Command  
  103  6:35  Factory Reactor  
  103  6:36  SCV x2, Starport  
  105  6:40  Supply Depot  
  105  6:45  Engineering Bay  
  105  6:46  Armory  
  105  6:48  SCV x2  
  105  6:52  Orbital Command  
  105  6:53  Marine x2, Marauder x2  
  113  7:00  SCV x2  
  108  7:12  SCV  
  108  7:13  SCV  
  110  7:17  Marine x2  
  110  7:18  Marauder x2  
  110  7:20  Medivac x2  
  120  7:25  SCV x2  
  123  7:37  SCV x2  
  123  7:40  Command Center  
  123  7:41  SCV  
  125  7:45  Refinery  
  125  7:46  Refinery  
  125  7:48  Terran Infantry Weapons Level 2  
  125  7:49  SCV x2, Terran Infantry Armor Level 2  
  127  7:53  SCV  
  127  7:54  Marine x2, Marauder x2  
  134  8:01  SCV x2  
  136  8:06  Medivac x2  
  136  8:11  SCV, Marine x2  
  143  8:13  SCV x2  
  143  8:15  Marauder x2  
  143  8:18  Supply Depot  
  143  8:19  Supply Depot x2  
  149  8:23  SCV  
  150  8:29  Marine x2  
  150  8:31  Barracks x2  
  150  8:32  Barracks  
  152  8:34  Barracks  
  152  8:36  Barracks, Marauder  
  152  8:37  Marauder  
  152  8:39  SCV  
  152  8:40  SCV x2  
  159  8:47  Marine x2  
  161  8:51  SCV  
  161  8:54  Command Center  
  162  8:58  Marauder x2  
  162  9:02  Medivac x2  
  168  9:05  Marine x2  
  172  9:18  Planetary Fortress  
  172  9:19  Marauder x2  
  176  9:24  Barracks Tech Lab x2  
  176  9:25  Barracks Reactor, Barracks Tech Lab  
  176  9:26  Barracks Reactor  
  176  9:28  Marine  
  176  9:29  Marine  
  178  9:41  Marauder x2  
  178  9:42  Medivac x2  
  186  9:46  Supply Depot  
  186  9:51  Marine, Marauder  
  186  9:52  Marine, Marauder x2  
  194  10:02  Marauder  
  194  10:05  Marine x2  
  194  10:06  Terran Infantry Weapons Level 3, Terran Infantry Armor Level 3, Marauder  
  200  13:14  Command Center  
  200  15:22  Marine  
  200  15:26  Marine  
  192  15:40  Marine  
  176  17:46  Marauder  
  177  18:01  Marauder  
  177  18:02  Marine x6, Marauder x3  
  177  18:03  Medivac x2  
  195  18:07  Marine  
  195  18:19  Marine  
  186  18:20  Marine  
  163  18:35  Marine, Marauder  
  163  18:36  Marine x3, Marauder x4  
  163  18:37  Medivac x2, Marine x2  
  170  18:53  Marine  
  170  18:54  Marine x3  
  170  18:55  Marine x2  
  174  18:57  Ghost Academy, Marine, Marauder x4  
  174  19:00  Planetary Fortress  
  185  19:27  Medivac x2  
Tags
 
Add a new tag
Caveats
  • Supply blocks, unpowered buildings, or Contaminate may cause inaccurate times.
  • Supply counts are checked every 10 seconds.